 Dungeon Crawl Stone Soup version 0.17-a0-2109-g117576f (webtiles) character file.

2337 Duffy the Cleaver (level 9, -1/81 HPs)
             Began as a Naga Assassin on Oct 19, 2015.
             Was a Follower of Cheibriados.
             Slain by an orc warrior
             ... wielding a +0 glaive
              (17 damage)
             ... on level 7 of the Dungeon.
             The game lasted 00:13:00 (8218 turns).

Duffy the Cleaver (Naga Assassin)                   Turns: 8218, Time: 00:13:00

Health: -1/81      AC:  7    Str: 17    XL:     9   Next: 42%
Magic:  18/18      EV: 10    Int: 15    God:    Cheibriados [*.....]
Gold:   386        SH:  6    Dex: 18    Spells: 0 memorised, 8 levels left

rFire  . . .     SeeInvis +     b - +0 blowgun
rCold  . . .     Clarity  .     F - +0 ring mail
rNeg   . . .     SustAt   .     C - +2 buckler
rPois  +         Gourm    .     p - +0 helmet
rElec  .         Spirit   .     d - +0 cloak
rCorr  .         Warding  .     (no gloves)
rMut   .         Stasis   .     (no barding)
MR     +....                    (no amulet)
Stlth  +++.......               (no ring)
                                z - ring of magical power

@: very slow, somewhat resistant to hostile enchantments, fairly stealthy
A: see invisible, deformed body, poison resistance, slowness 2, slow metabolism
1, spit poison 2, AC +3
a: Spit Poison, Bend Time, Renounce Religion


You were on level 7 of the Dungeon.
You worshipped Cheibriados.
Cheibriados was aware of your devotion.
You were very hungry.

You visited 2 branches of the dungeon, and saw 9 of its levels.

You collected 386 gold pieces.


Innate Abilities, Weirdness & Mutations

You cannot wear boots.
Your serpentine skin is tough (AC +3).
You have supernaturally acute eyesight.
Armour fits poorly on your strangely shaped body.
Your system is resistant to poisons.
You cover ground very slowly.
You have a slow metabolism.
You can spit poison.


   Skills:
 + Level 5.6 Fighting
 - Level 2.0 Short Blades
 + Level 10.1 Axes
 - Level 1.8 Throwing
 + Level 3.6 Dodging
 - Level 5.8 Stealth


You had 8 spell levels left.
You didn't know any spells.

Inventory:

Hand Weapons
 a - a +2 dagger
 b - a +0 blowgun (weapon)
 s - a +0 hand axe
 x - a +2 dagger of venom
 y - a +0 war axe
Missiles
 e - 41 poisoned needles
 f - a curare-tipped needle (quivered)
 u - 259 stones
Armour
 d - a +0 cloak (worn)
 p - a +0 helmet (worn)
 C - a +2 buckler (worn)
 D - a +0 chain mail of cold resistance
 F - a +0 ring mail (worn)
Jewellery
 z - a ring of magical power (left hand)
Wands
 J - a wand of confusion (21)
Scrolls
 c - a scroll of fog {unknown}
 h - a scroll of enchant armour {unknown}
 i - a scroll of remove curse
 j - a scroll of random uselessness {unknown}
 k - a scroll of immolation {unknown}
 l - 2 scrolls of teleportation
 n - 2 scrolls of recharging {unknown}
 r - a scroll of noise {unknown}
 A - a scroll of magic mapping {unknown}
 B - 2 scrolls of enchant weapon {unknown}
Potions
 o - 2 potions of heal wounds
 q - 2 potions of magic
 v - 3 potions of cancellation {unknown}
 E - a potion of flight {unknown}
 G - a potion of agility {unknown}
 H - a potion of mutation {unknown}
 K - a potion of poison {unknown}
 L - 3 potions of curing
 M - a potion of resistance {unknown}
 N - a potion of degeneration {unknown}
 O - 2 potions of ambrosia {unknown}
Comestibles
 g - 4 bread rations
 m - 2 meat rations
 w - 6 fruits
 I - a beef jerky

Dungeon Overview and Level Annotations

Branches:
Dungeon (8/15)             Temple (1/1) D:5
   Lair: D:8-11

Altars:
Ashenzari
Cheibriados
Dithmenos
Elyvilon
Gozag
Kikubaaqudgha
Makhleb
Nemelex Xobeh
Qazlal
Ru
Sif Muna
Vehumet
Xom
Yredelemnul
Zin
The Shining One

Annotations:
D:4 exclusion: phantom


Message History

You are too injured to fight recklessly!
You hit the orc warrior but do no damage.
The orc warrior is severely wounded.
You slash the orc!
You kill the orc!
Cheibriados thoroughly appreciates the change of pace.
The orc warrior hits you with a glaive!!
You hit the orc warrior but do no damage.
The orc warrior is severely wounded.
Use which ability?
Press: ? - help, Shift-Dir - straight line, f - orc warrior
Aim: an orc warrior, wielding a glaive and wearing a plate armour (severely wounded)
The splash of poison misses the orc warrior.
You feel slightly more hungry. The orc warrior hits you with a glaive!
Drink which item? (? for menu, Esc to quit)
You feel much better.
The orc warrior hits you with a glaive!!
The orc priest looks braver for a moment.
Drink which item? (? for menu, Esc to quit)
You feel much better.
You have got your breath back.
The orc priest mumbles some strange prayers to Beogh against you.
Something smites you!
Drink which item? (? for menu, Esc to quit)
You feel much better.
The orc warrior hits you with a glaive!!
Wield which item (- for none, * to show all)? (? for menu, Esc to quit)
b - a +0 blowgun (weapon)
Firing (i - inventory. (,) - cycle):
f - 2 curare-tipped needles (quivered)
Press: ? - help, Shift-Dir - straight line, f/p - orc warrior
Aim: an orc warrior, wielding a glaive and wearing a plate armour (severely wounded)
You shoot a curare-tipped needle.
The curare-tipped needle barely misses the orc warrior.
The orc warrior hits you with a glaive!
You die...

#.#.....#..###..###
########.#.##).#..###..#
#......#.#...<.#.......#
#........####.##.#....####
#......#>.................
#......###########.#######
#..............# #.#
#.......######.###.#
#.......)@ooo#.....#
#......#####.#######
##+##... #.## #. #. #.


You could see an orc warrior, an orc priest and an orc.

Action                   |  1- 3 |  4- 6 |  7- 9 || total
-------------------------+-------+-------+-------++-------
Melee: Dagger            |    79 |   143 |   128 ||   350
       Hand axe          |       |    45 |     8 ||    53
       War axe           |       |       |   129 ||   129
 Fire: Blowgun           |     4 |     3 |    18 ||    25
 Abil: Spit Poison       |    13 |    21 |     8 ||    42
  Use: Scroll            |       |     5 |     5 ||    10
       Potion            |       |       |     5 ||     5
 Stab: Sleeping          |     5 |     5 |    10 ||    20
       Paralysed         |       |     1 |       ||     1
       Distracted        |       |       |     2 ||     2
  Eat: Chunk             |     1 |     9 |    10 ||    20
       Fruit             |       |       |     4 ||     4

Notes
Turn   | Place    | Note
--------------------------------------------------------------
     0 | D:1      | Duffy the Naga Assassin began the quest for the Orb.
     0 | D:1      | Reached XP level 1. HP: 19/19 MP: 1/1
    52 | D:1      | Reached XP level 2. HP: 13/27 MP: 2/2
   441 | D:1      | Reached skill level 3 in Fighting
   853 | D:2      | Reached XP level 3. HP: 10/34 MP: 3/3
  1439 | D:2      | Reached skill level 2 in Axes
  1439 | D:2      | Reached XP level 4. HP: 1/42 MP: 4/4
  2330 | D:3      | Found a shimmering altar of Xom.
  2332 | D:3      | Found a shimmering altar of Xom.
  2360 | D:3      | Found a shimmering altar of Xom.
  2360 | D:3      | Found a shimmering altar of Xom.
  2360 | D:3      | Found a shimmering altar of Xom.
  2361 | D:3      | Found a shimmering altar of Xom.
  2361 | D:3      | Found a shimmering altar of Xom.
  2364 | D:3      | Found a shimmering altar of Xom.
  2592 | D:3      | Found a sacrificial altar of Ru.
  2613 | D:3      | Reached skill level 3 in Axes
  2613 | D:3      | Reached XP level 5. HP: 40/49 MP: 5/5
  3103 | D:3      | Found a sparkling altar of Nemelex Xobeh.
  3238 | D:4      | Found a deep blue altar of Sif Muna.
  3265 | D:4      | Reached skill level 4 in Axes
  3424 | D:4      | Found a white marble altar of Elyvilon.
  3446 | D:4      | Reached XP level 6. HP: 50/56 MP: 6/6
  3503 | D:4      | Reached skill level 5 in Axes
  3693 | D:4      | Found an opulent altar of Gozag.
  4007 | D:3      | Reached skill level 6 in Axes
  4339 | D:4      | Reached XP level 7. HP: 48/62 MP: 7/7
  4633 | D:4      | Found a burning altar of Makhleb.
  4709 | D:4      | Noticed a phantom
  4742 | D:5      | Entered Level 5 of the Dungeon
  4767 | D:5      | Noticed Blork the orc
  4910 | D:5      | Killed Blork the orc
  4910 | D:5      | Reached skill level 7 in Axes
  5072 | D:5      | Found an opulent altar of Gozag.
  5293 | D:5      | Reached skill level 8 in Axes
  5293 | D:5      | Reached XP level 8. HP: 53/69 MP: 8/8
  5477 | D:5      | Reached skill level 9 in Axes
  5535 | D:5      | Found a staircase to the Ecumenical Temple.
  5565 | Temple   | Entered the Ecumenical Temple
  5761 | Temple   | Became a worshipper of Cheibriados the Contemplative
  5980 | D:6      | Found a basalt altar of Yredelemnul.
  5986 | D:6      | Reached skill level 1 in Dodging
  6088 | D:6      | Reached skill level 4 in Fighting
  6307 | D:6      | Reached skill level 2 in Dodging
  7162 | D:7      | Reached * piety under Cheibriados
  7162 | D:7      | Reached XP level 9. HP: 70/80 MP: 9/9
  7172 | D:7      | Reached skill level 5 in Fighting
  7291 | D:7      | Reached skill level 3 in Dodging
  7625 | D:7      | Found a glowing golden altar of the Shining One.
  7672 | D:7      | Reached skill level 10 in Axes
  8218 | D:7      | Slain by an orc warrior

Vault maps used:
D:1:      onia_arrival_handbag
D:2:      minmay_kobold_bridge, st_stairs_3
D:3:      nicolae_overflow_hidden_temple, nicolae_ru_great_annihilating_truth,
          xom_redecorated
D:4:      elyvilon_altar_1, kennysheep_little_box, okawaru_altar_gauntlet_db,
          led_sif_book, first_bread, grunt_gozag_breadcrumbs
D:5:      kennysheep_mini_moat, temple_statues, uniq_blork_the_orc
D:6:      yredelemnul_altar_generic
D:7:      tso_altar
D:8:      serial_shops, shop_coins
Temple:   jpeg_temple_alley_garden_8

Vanquished Creatures
  A trapdoor spider zombie
  A hungry ghost
  3 sky beasts
  An orc warrior
  3 ogres
  4 giant frogs Blork the orc
  A scorpion
  A crimson imp
  A centaur zombie
  2 jellies
  3 orc priests
  4 hounds
  12 orc wizards
  2 worker ants
  An iguana
  A hound skeleton
  A worker ant zombie
  4 gnolls
  6 adders
  A shadow imp
  2 oozes
  2 adder skeletons
  3 worms
  4 giant geckos
  18 orcs
  6 bats
  8 giant cockroaches
  5 hobgoblins
  A quokka
  2 ball pythons
  A giant gecko zombie
  6 giant newts
  6 goblins
  2 jackals
  6 kobolds
  A quokka zombie
  9 rats
136 creatures vanquished.
